 Dungeon Crawl Stone Soup version 0.21.1-1-g345015f (webtiles) character file.

30982 tamerofbeasts the Cleaver (level 13, 0/116 HPs)
             Began as a Minotaur Fighter on Feb 1, 2018.
             Was an Elder of Makhleb.
             Slain by an ettin
             ... wielding a +0 dire flail
              (44 damage)
             ... on level 13 of the Dungeon on Feb 5, 2018.
             The game lasted 00:57:04 (14466 turns).

tamerofbeasts the Cleaver (Minotaur Fighter)       Turns: 14466, Time: 00:57:05

Health: 0/116      AC: 19    Str: 23    XL:     13   Next: 23%
Magic:  13/13      EV: 12    Int: 11    God:    Makhleb [****..]
Gold:   716        SH: 14    Dex: 12    Spells: 14/14 levels left

rFire    . . .     SeeInvis .   A - +4 war axe (freeze)
rCold    . . .     Gourm    .   c - +1 shield
rNeg     . . .     Faith    .   y - +2 plate armour
rPois    .         Spirit   .   G - +2 hat
rElec    .         Reflect  .   (no cloak)
rCorr    .         Harm     .   (no gloves)
MR       .....                  (no boots)
Stlth    ..........             (no amulet)
HPRegen  0.29/turn              o - +3 ring of evasion
MPRegen  0.13/turn              b - ring "Ededgham" {Int+5 Stlth+}

@: no status effects
A: retaliatory headbutt, horns 2
a: Minor Destruction, Lesser Servant of Makhleb, Major Destruction, Renounce
Religion


You were on level 13 of the Dungeon.
You worshipped Makhleb.
Makhleb was greatly pleased with you.
You were not hungry.

You visited 1 branch of the dungeon, and saw 13 of its levels.

You collected 716 gold pieces.

Inventory:

Hand Weapons
 A - a +4 war axe of freezing (weapon)
Missiles
 d - 5 steel tomahawks (quivered)
Armour
 c - a +1 shield (worn)
 y - a +2 plate armour (worn)
 G - a +2 hat (worn)
Jewellery
 a - an uncursed ring of resist corrosion
 b - the ring "Ededgham" (right hand) {Int+5 Stlth+}
   (You found it on level 11 of the Dungeon)

   [ring of stealth]

   It affects your intelligence (+5).
   It makes you more stealthy.
 e - an uncursed ring of protection from cold
 l - a +3 ring of intelligence
 o - a +3 ring of evasion (left hand)
 p - an uncursed ring of protection from magic
 v - a +3 ring of strength
Wands
 k - a wand of random effects (13)
 n - a wand of acid (12)
Scrolls
 g - a scroll of holy word {unknown}
 h - 2 scrolls of fear
 i - a scroll of amnesia
 j - 3 scrolls of enchant armour
 m - 4 scrolls of remove curse
 u - a scroll of fog
 x - 2 scrolls of magic mapping
 z - a scroll of blinking
Potions
 s - 2 potions of magic
Comestibles
 f - 22 rations


   Skills:
 + Level 11.1 Fighting
   Level 9.1 Long Blades
 + Level 12.9(13.4) Axes
   Level 6.1(10.4) Polearms
 + Level 1.8 Throwing
 + Level 11.7 Armour
 + Level 5.7 Dodging
 + Level 2.3 Stealth
 + Level 12.3 Shields
 + Level 2.0 Unarmed Combat
 + Level 1.1 Spellcasting
 + Level 0.3 Invocations
 + Level 1.6 Evocations


You had 14 spell levels left.
You didn't know any spells.

Dungeon Overview and Level Annotations

Branches:
Dungeon (13/15)            Temple (0/1) D:6            Lair (0/6) D:11
    Orc (0/2) D:11         Vaults (0/5) D:13

Altars:
Cheibriados
Fedhas
Kikubaaqudgha
Makhleb
Nemelex Xobeh
Okawaru
Uskayaw
Vehumet
Xom
Zin

Shops:
D:7 !   D:8 [

Portals:
Trove: D:12 (lose all piety)


Innate Abilities, Weirdness & Mutations

You reflexively headbutt those who attack you in melee.
You have a pair of horns on your head.


Message History

The ettin shouts in stereo!
Found 2 needles of confusion, 5 bolts, 23 stones and 31 gold pieces.
The ettin hits you with a dire flail!! The ettin closely misses you.
There is an open door, spattered with blood here.
You slash the ettin! You freeze the ettin.
The ettin is moderately wounded.
You slash the ettin! You freeze the ettin.
The ettin is heavily wounded.
The ettin hits you with a dire flail!! You block the ettin's attack.
Your plate armour prevents you from hitting the ettin.
The ettin is heavily wounded.
The ettin hits you with a dire flail! The ettin hits you but does no damage.
You hit the ettin but do no damage. You headbutt the ettin.
The ettin is heavily wounded.
You block the ettin's attack. The ettin hits you but does no damage.
You hit the ettin but do no damage.
The ettin is heavily wounded.
You block the ettin's attack.
The ettin hits you with a dire flail of holy wrath!!!
You die...

# #.# #.##..#
#......#### # #.#
#.##<.# #<.##### #
#.# ####### #
###....# ## #.# .#
####.# .#######.# .+
#.#### .......#.####
..# #...§§
.####..#....#########
#...§§
............#...#(.$#
#...§§
######.######...@C..#
######
######.######.†.#(.(#
............##'######
######......#...#
######.'†..+ ###...#
#####


You could see an ettin.

Vanquished Creatures
  Gastronok (D:8)
  Erolcha (D:12)
  2 two-headed ogres (D:11)
  An ogre mage (D:13)
  Nergalle (D:12)
  A skeletal warrior (D:13)
  Pikel (D:6)
  An orc knight (D:13)
  A deep elf mage (D:11)
  3 ugly things
  A gargoyle (D:12)
  5 yaktaurs (D:13)
  2 queen bees
  A troll (D:9)
  4 slime creatures (D:12)
  A hornet (D:12)
  A hippogriff (D:11)
  A shadow (D:12)
  2 wyverns
  Sigmund (D:6)
  16 yaks
  4 hungry ghosts
  A steam dragon (D:11)
  Grum (D:8)
  7 vampire mosquitoes
  Menkaure (D:5)
  An acid dragon (D:11)
  5 orc warriors
  2 black bears
  A slave (D:6)
  3 phantoms
  3 ice beasts
  6 ogres
  2 sky beasts
  3 wolves (D:8)
  4 centaurs
  2 crocodiles (D:11)
  4 big kobolds
  7 bullfrogs
  A wyvern zombie (D:13)
  A wyvern skeleton (D:13)
  5 scorpions
  8 wights
  54 killer bees
  3 howler monkeys
  5 crimson imps
  4 bullfrog zombies
  2 centaur zombies
  7 hounds
  3 jellies
  6 bullfrog skeletons
  An orc priest (D:3)
  7 orc wizards
  7 centaur skeletons
  3 iguanas
  Terence (D:3)
  Natasha (thrice) (D:3)
  6 worker ants
  A hound skeleton (D:4)
  A worker ant zombie (D:11)
  2 howler monkey skeletons
  5 gnolls
  8 adders
  5 shadow imps
  2 oozes
  An adder skeleton (D:4)
  3 adder zombies
  A worm (D:2)
  3 dart slugs
  2 leopard geckos
  40 orcs
  8 bats
  2 giant cockroaches
  9 goblins
  9 hobgoblins
  10 jackals
  7 quokkas
  2 ball pythons
  8 frilled lizards
  2 jackal skeletons
  22 kobolds
  2 leopard gecko skeletons
  A quokka skeleton (D:10)
  8 rats
  3 fungi (D:11)
  A plant (D:11)
400 creatures vanquished.

Vanquished Creatures (others)
  The ghost of richr the Sneak, a novice SpEn of Makhleb (D:4)
  A human (D:3)
  2 plants
4 creatures vanquished.

Grand Total: 404 creatures vanquished

Notes
Turn   | Place    | Note
-------+----------+-------------------------------------------
     0 | D:1      | tamerofbeasts the Minotaur Fighter began the quest for the Orb.
     0 | D:1      | Reached XP level 1. HP: 19/19 MP: 0/0
    93 | D:1      | Reached XP level 2. HP: 22/27 MP: 1/1
   327 | D:1      | Reached XP level 3. HP: 33/33 MP: 2/2
   817 | D:2      | Found a faded altar of an unknown god.
  1413 | D:3      | Noticed a phantom
  1500 | D:3      | Killed a phantom
  1500 | D:3      | Reached skill level 1 in Long Blades
  1500 | D:3      | Reached XP level 4. HP: 15/41 MP: 3/3
  1500 | D:3      | Reached XP level 5. HP: 18/47 MP: 4/4
  1707 | D:3      | Noticed a phantom
  1726 | D:3      | Killed a phantom
  1726 | D:3      | Reached skill level 1 in Dodging
  1736 | D:3      | Reached skill level 5 in Shields
  1822 | D:3      | Reached XP level 6. HP: 52/53 MP: 5/5
  1944 | D:3      | Found an ancient bone altar of Kikubaaqudgha.
  1945 | D:3      | Noticed a human
  1948 | D:3      | Killed a human
  1964 | D:3      | Noticed Natasha
  1971 | D:3      | Killed Natasha
  2225 | D:3      | Noticed Terence
  2232 | D:3      | Killed Terence
  2232 | D:3      | Reached skill level 5 in Armour
  2284 | D:3      | Noticed Natasha
  2301 | D:3      | Killed Natasha
  2329 | D:3      | Noticed Natasha
  2338 | D:3      | Killed Natasha
  2496 | D:4      | Found a glowing silver altar of Zin.
  2594 | D:4      | Noticed richr's ghost (novice SpEn)
  2616 | D:4      | Killed richr's ghost
  2616 | D:4      | Reached skill level 5 in Fighting
  2616 | D:4      | Reached XP level 7. HP: 14/61 MP: 6/6
  2921 | D:4      | Found a sparkling altar of Nemelex Xobeh.
  2926 | D:4      | Found a snail-covered altar of Cheibriados.
  3413 | D:5      | Entered Level 5 of the Dungeon
  3523 | D:5      | Reached XP level 8. HP: 52/68 MP: 7/7
  3897 | D:5      | Noticed Menkaure
  3905 | D:5      | Killed Menkaure
  3905 | D:5      | Reached skill level 5 in Long Blades
  4555 | D:5      | Found a shimmering altar of Xom.
  4718 | D:5      | Found a radiant altar of Vehumet.
  4973 | D:6      | Noticed Sigmund
  4988 | D:6      | Killed Sigmund
  5009 | D:6      | Found a snail-covered altar of Cheibriados.
  5099 | D:6      | Noticed Pikel
  5117 | D:6      | Killed Pikel
  5117 | D:6      | Reached skill level 1 in Stealth
  5117 | D:6      | Reached XP level 9. HP: 68/75 MP: 8/8
  5241 | D:6      | Found a staircase to the Ecumenical Temple.
  5485 | D:6      | Got a transparent leather armour
  5750 | D:7      | Found a hide-covered altar of Uskayaw.
  5942 | D:7      | Found Xuptuane's Distillery.
  6082 | D:8      | Reached skill level 1 in Axes
  6436 | D:8      | Noticed Gastronok
  6888 | D:8      | Killed Gastronok
  6888 | D:8      | Reached XP level 10. HP: 17/86 MP: 9/9
  7158 | D:8      | Reached skill level 1 in Throwing
  7158 | D:8      | Reached skill level 5 in Dodging
  7158 | D:8      | Reached skill level 1 in Spellcasting
  7158 | D:8      | Reached skill level 1 in Evocations
  7158 | D:8      | Reached XP level 11. HP: 94/94 MP: 9/11
  7316 | D:8      | Noticed Grum
  7332 | D:8      | Killed Grum
  7504 | D:8      | Identified the +1 leather armour of Ququic {SInv} (You found it on level 6 of the Dungeon)
  7540 | D:8      | Found Negh's Antique Armour Emporium.
  7958 | D:9      | Reached skill level 10 in Armour
  8646 | D:9      | Found an ancient bone altar of Kikubaaqudgha.
  8646 | D:9      | Found a blossoming altar of Fedhas.
  8995 | D:9      | Found a shimmering altar of Xom.
  8996 | D:9      | Found an iron altar of Okawaru.
  9438 | D:9      | Found a burning altar of Makhleb.
  9441 | D:9      | Became a worshipper of Makhleb the Destroyer
  9493 | D:9      | Upgraded the game from 0.21.0-37-g46506fa to 0.21.1
  9528 | D:10     | Entered Level 10 of the Dungeon
  9754 | D:10     | Reached * piety under Makhleb
 11125 | D:11     | Got a coiled granite ring
 11127 | D:11     | Identified the ring "Ededgham" {Int+5 Stlth+} (You found it on level 11 of the Dungeon)
 11206 | D:11     | Noticed a two-headed ogre
 11214 | D:11     | Found a staircase to the Orcish Mines.
 11226 | D:11     | Killed a two-headed ogre
 11226 | D:11     | Reached skill level 10 in Shields
 11226 | D:11     | Reached XP level 12. HP: 102/106 MP: 12/12
 11379 | D:11     | Reached ** piety under Makhleb
 11379 | D:11     | Reached skill level 10 in Axes
 11459 | D:11     | Found a staircase to the Lair.
 11505 | D:11     | Noticed a two-headed ogre
 11508 | D:11     | Killed a two-headed ogre
 11682 | D:11     | Reached skill level 10 in Fighting
 12098 | D:11     | Reached *** piety under Makhleb
 12800 | D:12     | Noticed Erolcha
 12809 | D:12     | Killed Erolcha
 12885 | D:12     | Found a portal to a secret trove of treasure.
 13075 | D:12     | Noticed Nergalle
 13090 | D:12     | Killed Nergalle
 13423 | D:13     | Noticed an ogre mage
 13428 | D:13     | Reached **** piety under Makhleb
 13563 | D:13     | Noticed a seven-headed hydra
 13889 | D:13     | Upgraded the game from 0.21.1 to 0.21.1-1-g345015f
 13975 | D:13     | Reached XP level 13. HP: 115/115 MP: 13/13
 14319 | D:13     | Found a gate to the Vaults.
 14460 | D:13     | Noticed an ettin
 14466 | D:13     | Slain by an ettin

Skill      XL: |  1  2  3  4  5  6  7  8  9 10 11 12 13 |
---------------+----------------------------------------+-----
Fighting       | 4 5 7 8 9 10 11 | 11.1
Armour         | 4 5 6 8 9 11 | 11.7
Shields        | 4 5 6 8 9 10 11 12 | 12.3
Polearms       | 3 4 6 |  6.1
Long Blades    | 1 3 4 7 8 9 |  9.1
Dodging        | 1 2 3 5 |  5.7
Stealth        | 1 2 |  2.3
Axes           | 7 9 12 | 12.9
Throwing       | 1 |  1.8
Unarmed Combat | 2 |  2.0
Spellcasting   | 1 |  1.1
Evocations     | 1 |  1.6
Invocations    | |  0.3

Action                   |  1- 3 |  4- 6 |  7- 9 | 10-12 | 13-15 || total
-------------------------+-------+-------+-------+-------+-------++-------
Melee: Trident           |    69 |       |       |       |       ||    69
       Headbutt          |    14 |     8 |    64 |   128 |    23 ||   237
       Falchion          |    24 |    75 |   176 |       |       ||   275
       War axe           |       |       |   118 |   606 |    77 ||   801
Invok: Major Destruction |       |       |       |     1 |       ||     1
  Use: Scroll            |     4 |     7 |     6 |    21 |       ||    38
       Potion            |       |     4 |     2 |    14 |       ||    20
  Eat: Ration            |     3 |       |     5 |    12 |       ||    20
Armor: Scale mail        |    61 |    58 |    68 |       |       ||   187
       Plate armour      |       |       |    57 |   377 |    23 ||   457
Dodge: Dodged            |    37 |    36 |    92 |   253 |    16 ||   434
Block: Shield            |    63 |    57 |   178 |   537 |    42 ||   877
       Rpst.: Falchion   |     2 |     6 |    20 |       |       ||    28
